PIO (24 & UNDER)
SEATTLE RAINIERS @ JASPER COUGARS
06/14/2026
 
TOP OF THE 1ST
Seattle Rainiers batting - Pitching for Jasper Cougars : RHP Ernesto Mendoza
Pitching: RHP Ernesto Mendoza
Batting: RHB Jorge Colón 0-0: Called Strike
0-1: Ball
1-1: Ball
2-1: Foul Ball, location: 2F
2-2: Strikes out looking
Batting: RHB Alfredo Farías 0-0: Called Strike
0-1: Foul Ball, location: 2F
0-2: Strikes out swinging
Batting: RHB Jacob Hill 0-0: Called Strike
0-1: Foul Ball, location: 2F
0-2: Fly out, F5 (Popup, 5SF)
Top of the 1st over - 0 run(s), 0 hit(s), 0 error(s), 0 left on base; Seattle 0 - Jasper 0
BOTTOM OF THE 1ST
Jasper Cougars batting - Pitching for Seattle Rainiers : RHP Rafael López
Pitching: RHP Rafael López
Batting: LHB António Camacho 0-0: Ball
1-0: SINGLE (Groundball, 6MD)
Batting: RHB Bob Cole 0-0: Ball
1-0: Ball
2-0: Swinging Strike
2-1: SINGLE (Line Drive, 78S)
António Camacho to second
Batting: SHB Ron Edwards 0-0: Ball
1-0: Ball
2-0: Ball
3-0: Called Strike
3-1: Base on Balls
António Camacho to third
Bob Cole to second
Batting: LHB Kyle Harrison 0-0: Ball
1-0: Called Strike
1-1: Ball
2-1: Foul Ball, location: 2F
2-2: SINGLE (Groundball, 6MD)
António Camacho scores
Bob Cole to third
Ron Edwards to second
Batting: RHB José Ortega 0-0: Called Strike
0-1: Reached on error, E6 (Groundball, 6)
Bob Cole scores
Ron Edwards to third
Kyle Harrison to second
Batting: SHB Carlos Córdova 0-0: Called Strike
0-1: Ball
1-1: Ball
2-1: Foul Ball, location: 2F
2-2: Fielders Choice at 2nd, 4-6 (Groundball, 4)
Ron Edwards scores
Kyle Harrison to third
Batting: LHB Jon Rogers 0-0: Ball
Carlos Córdova is caught stealing 2nd base
1-0: Called Strike
1-1: Ball
2-1: Foul Ball, location: 2F
2-2: Ground out U3 (Groundball, 3S)
Bottom of the 1st over - 3 run(s), 3 hit(s), 1 error(s), 1 left on base; Seattle 0 - Jasper 3
TOP OF THE 2ND
Seattle Rainiers batting - Pitching for Jasper Cougars : RHP Ernesto Mendoza
Batting: RHB Robert Marks 0-0: Fly out, F5 (Popup, 25)
Batting: RHB Vincent Braun 0-0: SINGLE (Line Drive, 78M)
Batting: RHB Tony Hernández 0-0: Ball
1-0: Swinging Strike
1-1: Fly out, F9 (Flyball, 9LM)
Batting: RHB Jeremiah Soto 0-0: Ball
1-0: Ball
2-0: Foul Ball, location: 2F
2-1: Foul Ball, location: 2F
2-2: Strikes out swinging
Top of the 2nd over - 0 run(s), 1 hit(s), 0 error(s), 1 left on base; Seattle 0 - Jasper 3
BOTTOM OF THE 2ND
Jasper Cougars batting - Pitching for Seattle Rainiers : RHP Rafael López
Batting: LHB John Stone 0-0: Ball
1-0: Called Strike
1-1: Foul Ball, location: 2F
1-2: Fly out, F7 (Flyball, 78M)
Batting: RHB Joe Baker 0-0: Ball
1-0: Ball
2-0: Called Strike
2-1: Swinging Strike
2-2: Strikes out swinging
Batting: LHB António Camacho 0-0: Foul Ball, location: 2F
0-1: Called Strike
0-2: Foul Ball, location: 2F
0-2: Ball
1-2: Ground out 6-3 (Groundball, 6)
Bottom of the 2nd over - 0 run(s), 0 hit(s), 0 error(s), 0 left on base; Seattle 0 - Jasper 3
TOP OF THE 3RD
Seattle Rainiers batting - Pitching for Jasper Cougars : RHP Ernesto Mendoza
Batting: RHB John Hill 0-0: Ball
1-0: Ball
2-0: SINGLE (Groundball, 56D)
Batting: RHB Bill Dawson 0-0: Ball
1-0: Fly out, F8 (Popup, 4D)
Batting: RHB Jorge Colón 0-0: Foul Ball, location: 2F
0-1: Ball
1-1: Foul Ball, location: 2F
1-2: Strikes out swinging
Batting: RHB Alfredo Farías 0-0: Ball
1-0: Called Strike
1-1: Ball
2-1: Fielders Choice at 2nd, 6-4 (Groundball, 6)
Top of the 3rd over - 0 run(s), 1 hit(s), 0 error(s), 0 left on base; Seattle 0 - Jasper 3
BOTTOM OF THE 3RD
Jasper Cougars batting - Pitching for Seattle Rainiers : RHP Rafael López
Batting: RHB Bob Cole 0-0: Called Strike
0-1: Ball
1-1: Ball
2-1: SINGLE (Line Drive, 56)
Batting: SHB Ron Edwards 0-0: Grounds into double play, U4-3 (Groundball, 4M)
Batting: LHB Kyle Harrison 0-0: Ground out 6-3 (Groundball, 6M)
Bottom of the 3rd over - 0 run(s), 1 hit(s), 0 error(s), 0 left on base; Seattle 0 - Jasper 3
TOP OF THE 4TH
Seattle Rainiers batting - Pitching for Jasper Cougars : RHP Ernesto Mendoza
Batting: RHB Jacob Hill 0-0: Called Strike
0-1: Ball
1-1: Ball
2-1: Foul Ball, location: 2F
2-2: Foul Ball, location: 2F
2-2: Strikes out looking
Batting: RHB Robert Marks 0-0: Ball
1-0: Ball
2-0: Fly out, F8 (Flyball, 8LD)
Batting: RHB Vincent Braun 0-0: Ball
1-0: Foul Ball, location: 2F
1-1: Called Strike
1-2: Strikes out swinging
Top of the 4th over - 0 run(s), 0 hit(s), 0 error(s), 0 left on base; Seattle 0 - Jasper 3
BOTTOM OF THE 4TH
Jasper Cougars batting - Pitching for Seattle Rainiers : RHP Rafael López
Batting: RHB José Ortega 0-0: Called Strike
0-1: Called Strike
0-2: SINGLE (Groundball, 56)
Batting: SHB Carlos Córdova 0-0: Ball
1-0: Ball
2-0: Called Strike
2-1: TRIPLE (Line Drive, 9LM)
José Ortega scores
Batting: LHB Jon Rogers 0-0: DOUBLE (Flyball, 9LM)
Carlos Córdova scores
Batting: LHB John Stone 0-0: Ball
1-0: Ball
2-0: Foul Ball, location: 2F
2-1: SINGLE (Line Drive, 78M)
Jon Rogers to third
Batting: RHB Joe Baker 0-0: Ball
1-0: Foul Ball, location: 2F
1-1: Called Strike
John Stone steals 2nd base
1-2: Reached on error, E5 (Groundball, 56)
Jon Rogers scores
John Stone to third
Batting: LHB António Camacho 0-0: Fielders Choice at 2nd, 6-4 (Groundball, 6)
John Stone scores
Batting: RHB Bob Cole 0-0: Ball
António Camacho steals 2nd base
1-0: SINGLE (Line Drive, 6MD)
António Camacho to third
Batting: SHB Ron Edwards 0-0: Ball
1-0: Ball
2-0: Ball
3-0: Called Strike
3-1: Ground out 3-1 (Groundball, 34)
António Camacho scores
Bob Cole to second
Pitching: RHP Dave Rose
Batting: LHB Kyle Harrison 0-0: Ground out 5-3 (Groundball, 56)
Bottom of the 4th over - 5 run(s), 5 hit(s), 1 error(s), 1 left on base; Seattle 0 - Jasper 8
TOP OF THE 5TH
Seattle Rainiers batting - Pitching for Jasper Cougars : RHP Ernesto Mendoza
Batting: RHB Tony Hernández 0-0: Swinging Strike
0-1: Swinging Strike
0-2: Ball
1-2: Ball
2-2: Ball
3-2: Strikes out swinging
Batting: RHB Jeremiah Soto 0-0: Ball
1-0: Foul Ball, location: 2F
1-1: Swinging Strike
1-2: Fly out, F8 (Flyball, 78D)
Batting: RHB John Hill 0-0: Ball
1-0: Swinging Strike
1-1: Called Strike
1-2: Strikes out looking
Top of the 5th over - 0 run(s), 0 hit(s), 0 error(s), 0 left on base; Seattle 0 - Jasper 8
BOTTOM OF THE 5TH
Jasper Cougars batting - Pitching for Seattle Rainiers : RHP Dave Rose
Batting: RHB José Ortega 0-0: Swinging Strike
0-1: Swinging Strike
0-2: Strikes out looking
Batting: SHB Carlos Córdova 0-0: Foul Ball, location: 2F
0-1: Swinging Strike
0-2: Ball
1-2: Foul Ball, location: 2F
1-2: Ball
2-2: Foul Ball, location: 2F
2-2: Ground out U3 (Groundball, 3)
Batting: LHB Jon Rogers 0-0: Called Strike
0-1: Fly out, F8 (Flyball, 8RD)
Bottom of the 5th over - 0 run(s), 0 hit(s), 0 error(s), 0 left on base; Seattle 0 - Jasper 8
TOP OF THE 6TH
Seattle Rainiers batting - Pitching for Jasper Cougars : RHP Ernesto Mendoza
Batting: RHB Bill Dawson 0-0: Swinging Strike
0-1: Foul Ball, location: 2F
0-2: Ball
1-2: Strikes out swinging
Batting: RHB Jorge Colón 0-0: Ball
1-0: SINGLE (Flyball, 89S)
Batting: RHB Alfredo Farías 0-0: Grounds into double play, 6-4-3 (Groundball, 6)
Top of the 6th over - 0 run(s), 1 hit(s), 0 error(s), 0 left on base; Seattle 0 - Jasper 8
BOTTOM OF THE 6TH
Jasper Cougars batting - Pitching for Seattle Rainiers : RHP Dave Rose
Batting: LHB John Stone 0-0: Called Strike
0-1: Fly out, F9 (Flyball, 89M)
Batting: RHB Joe Baker 0-0: Called Strike
0-1: Foul Ball, location: 2F
0-2: SINGLE (Flyball, 9S)
Batting: LHB António Camacho 0-0: Called Strike
0-1: Ball
1-1: Ball
2-1: TRIPLE (Flyball, 7LM)
Joe Baker scores
Batting: RHB Bob Cole 0-0: Called Strike
0-1: Ball
1-1: Ball
2-1: Called Strike
2-2: Fly out, F9 (Flyball, 8RM)
Runner from 3rd tags up, SCORES, no throw
Batting: SHB Ron Edwards 0-0: Ball
1-0: Swinging Strike
1-1: Ball
2-1: Foul Ball, location: 2F
2-2: DOUBLE (Flyball, 7LD)
Batting: LHB Kyle Harrison 0-0: Ball
1-0: SINGLE (Line Drive, 7LS)
Ron Edwards to third
Runner from 3rd tries for Home, SAFE, no throw or cutoff
Batting: RHB José Ortega 0-0: Called Strike
0-1: Foul Ball, location: 2F
0-2: Ball
1-2: Ball
2-2: SINGLE (Line Drive, 56)
Kyle Harrison to second
Batting: SHB Carlos Córdova 0-0: Called Strike
0-1: Foul Ball, location: 2F
0-2: Ball
1-2: Ball
2-2: Strikes out swinging
Bottom of the 6th over - 3 run(s), 5 hit(s), 0 error(s), 2 left on base; Seattle 0 - Jasper 11
TOP OF THE 7TH
Seattle Rainiers batting - Pitching for Jasper Cougars : RHP Ernesto Mendoza
Batting: RHB Jacob Hill 0-0: Called Strike
0-1: Foul Ball, location: 2F
0-2: Foul Ball, location: 2F
0-2: Ball
1-2: Ball
2-2: Ball
3-2: Foul Ball, location: 2F
3-2: SINGLE (Groundball, 6MD)
Batting: RHB Robert Marks 0-0: Grounds into double play, U4-3 (Groundball, 4M)
Batting: RHB Vincent Braun 0-0: Ball
1-0: Called Strike
1-1: Foul Ball, location: 2F
1-2: Strikes out swinging
Top of the 7th over - 0 run(s), 1 hit(s), 0 error(s), 0 left on base; Seattle 0 - Jasper 11
BOTTOM OF THE 7TH
Jasper Cougars batting - Pitching for Seattle Rainiers : RHP Dave Rose
Pitching: RHP Les Johnston
Batting: LHB Jon Rogers 0-0: Called Strike
0-1: Ball
1-1: Fly out, F8 (Popup, 8LS)
Batting: LHB John Stone 0-0: Called Strike
0-1: Called Strike
0-2: Strikes out looking
Batting: RHB Joe Baker 0-0: Ball
1-0: Ball
2-0: Called Strike
2-1: Called Strike
2-2: Strikes out swinging
Bottom of the 7th over - 0 run(s), 0 hit(s), 0 error(s), 0 left on base; Seattle 0 - Jasper 11
TOP OF THE 8TH
Seattle Rainiers batting - Pitching for Jasper Cougars : RHP Ernesto Mendoza
Pitching: RHP Chris Schultz
Now in RF: Joe Smith
Batting: RHB Tony Hernández 0-0: Ball
1-0: Ball
2-0: Called Strike
2-1: Swinging Strike
2-2: Strikes out looking
Batting: RHB Jeremiah Soto 0-0: Ball
1-0: Foul Ball, location: 2F
1-1: Ground out 5-3 (Groundball, 56)
Batting: RHB John Hill 0-0: Ball
1-0: SINGLE (Groundball, 6MD)
Batting: RHB Bill Dawson 0-0: Ball
1-0: Called Strike
1-1: Swinging Strike
1-2: Ball
2-2: Ball
3-2: DOUBLE (Line Drive, 5L)
John Hill to third
John Hill scores
Batting: RHB Jorge Colón 0-0: Ball
1-0: Foul Ball, location: 2F
1-1: Ball
2-1: Ball
3-1: 2-RUN HOME RUN (Line Drive, 7LD), Distance : 312 ft
Batting: RHB Alfredo Farías 0-0: Ball
1-0: Ball
2-0: Ball
3-0: Foul Ball, location: 2F
3-1: Foul Ball, location: 2F
3-2: Foul Ball, location: 2F
3-2: Foul Ball, location: 2F
3-2: Base on Balls
Batting: RHB Jacob Hill 0-0: Called Strike
0-1: Swinging Strike
0-2: Ball
1-2: Ball
2-2: Ball
3-2: Foul Ball, location: 2F
3-2: Strikes out swinging
Top of the 8th over - 3 run(s), 3 hit(s), 0 error(s), 1 left on base; Seattle 3 - Jasper 11
BOTTOM OF THE 8TH
Jasper Cougars batting - Pitching for Seattle Rainiers : RHP Les Johnston
Batting: LHB António Camacho 0-0: Called Strike
0-1: Ball
1-1: Ball
2-1: Ball
3-1: Foul Ball, location: 2F
3-2: Foul Ball, location: 2F
3-2: Base on Balls
Batting: RHB Bob Cole 0-0: Called Strike
0-1: Ball
1-1: Foul Ball, location: 2F
1-2: Ball
2-2: Fly out, F6 (Popup, 6D)
Batting: SHB Ron Edwards 0-0: Ball
1-0: Swinging Strike
1-1: Ball
2-1: Ball
3-1: Fly out, F8 (Flyball, 8RS)
Batting: LHB Kyle Harrison 0-0: Called Strike
0-1: 2-RUN HOME RUN (Flyball, 8LXD), Distance : 421 ft
Batting: RHB José Ortega 0-0: Ball
1-0: Called Strike
1-1: Fly out, F9 (Flyball, 9M)
Bottom of the 8th over - 2 run(s), 1 hit(s), 0 error(s), 0 left on base; Seattle 3 - Jasper 13
TOP OF THE 9TH
Seattle Rainiers batting - Pitching for Jasper Cougars : RHP Chris Schultz
Batting: RHB Robert Marks 0-0: Foul Ball, location: 2F
0-1: Swinging Strike
0-2: Ball
1-2: Foul Ball, location: 2F
1-2: Ball
2-2: Strikes out swinging
Batting: RHB Vincent Braun 0-0: Called Strike
0-1: Swinging Strike
0-2: Ball
1-2: Foul Ball, location: 2F
1-2: Strikes out looking
Batting: RHB Tony Hernández 0-0: DOUBLE (Line Drive, 89S)
Batting: RHB Jeremiah Soto 0-0: Ball
1-0: Called Strike
1-1: Ball
2-1: Ball
3-1: Base on Balls
Pitching: RHP A.J. Wellman
Pinch Hitting: RHB Juan Robles 0-0: Called Strike
0-1: Ball
1-1: Foul Ball, location: 2F
1-2: Strikes out swinging
Top of the 9th over - 0 run(s), 1 hit(s), 0 error(s), 2 left on base; Seattle 3 - Jasper 13
Monday, December 5th, 2016 - OOTP Baseball 17.12 Build 75